 Dungeon Crawl Stone Soup version 0.26.1-2-gb8aa6d0cf2 (webtiles) character file.

Game seed: 9402160690364549849

37 wumna the Grave Robber (level 3, 0/24 HPs)
             Began as a Mummy Necromancer on Feb 11, 2021.
             Slain by Jessica
             ... wielding a +0 club
              (4 damage)
             ... on level 2 of the Dungeon.
             The game lasted 00:10:54 (1220 turns).

wumna the Grave Robber (Mummy Necromancer)          Turns: 1220, Time: 00:10:55

Health: 0/24       AC:  3    Str: 11    XL:     3   Next: 21%
Magic:  0/7        EV: 12    Int: 15    God:
Gold:   66         SH:  0    Dex: 12    Spells: 6/8 levels left

rFire    x . .     SeeInvis .   j - +0 short sword (curse)
rCold    + . .     Faith    .   (no shield)
rNeg     + + +     Spirit   .   a - +1 robe
rPois    ∞         Reflect  .   (no helmet)
rElec    .         Harm     .   (no cloak)
rCorr    .         Rampage  .   (no gloves)
Will     .....                  (no boots)
Stlth    ++........             (no amulet)
HPRegen  0.08/turn              (no ring)
MPRegen  0.10/turn              (no ring)

@: about to teleport
A: no potions, fire vulnerability, cold resistance 1, negative energy resistance
3, torment resistance, unbreathing
a: no special abilities


You were on level 2 of the Dungeon.
You visited 1 branch of the dungeon, and saw 2 of its levels.

You collected 66 gold pieces.

Inventory:

Hand Weapons
 e - a +0 short sword
 i - a +0 club
 j - a cursed +0 short sword (weapon)
 n - a +0 mace
Missiles
 b - 83 stones
 g - 29 bolts
 q - 14 arrows
Armour
 a - a +1 robe (worn)
 c - a +0 buckler
 m - a +0 scale mail
Scrolls
 d - 2 scrolls of remove curse {unknown}
 h - 2 scrolls of identify {unknown}
 k - a scroll of teleportation
 p - a scroll of blinking {unknown}
Potions
 o - a potion of flight {unknown}


   Skills:
 + Level 1.6 Dodging
 + Level 1.7 Stealth
 + Level 3.2 Spellcasting
 + Level 4.8 Necromancy


You had 6 spell levels left.
You knew the following spells:

 Your Spells              Type           Power        Failure   Level
a - Pain                  Necr           64%          2%          1
b - Animate Skeleton      Necr           32%          2%          1

Your spell library contained the following spells:

 Spells                   Type           Power        Failure   Level
 Vampiric Draining        Necr           8%           9%          3
 Animate Dead             Necr           8%           26%         4
 Agony                    Necr           16%          58%         5


Dungeon Overview and Level Annotations

Branches:
Dungeon (2/15)

Altars:

Annotations:
D:2 Jessica


Innate Abilities, Weirdness & Mutations

You do not drink.
Your flesh is vulnerable to fire.
You are immune to poison.
Your flesh is cold resistant. (rC+)
You are immune to negative energy. (rN+++)
You are immune to unholy pain and torment.
You can survive without breathing.


Message History

Your adder skeleton is destroyed!
Aiming: Pain (safe; 2% risk of failure)
Press: ? - help, Q - select action, (/) - cycle Shift-Dir - straight line, f/p - Jessica
Aim: Jessica, wielding a +0 club and wearing a +0 robe (severely wounded, unaware, hasn't noticed you, chance to affect: 81%) Jessica shouts!
Jessica barely resists.
A leopard gecko comes into view.
There are monsters nearby!
There are monsters nearby!
As you read the scroll labelled FEFUAN KAMIE, it crumbles to dust.
You hear a loud clanging noise!
It was a scroll of noise.
You hear a shout! x2
As you read the scroll labelled RIEPHO XU EQA, it crumbles to dust.
It is a scroll of enchant armour.
Your +0 robe glows green for a moment.
As you read the scroll labelled DOMOINU IDAHI, it crumbles to dust.
You feel strangely unstable.
It was a scroll of teleportation.
Jessica hits you with a +0 club.
You die...

#...>..# #......#
......#########......##.
##.......................
#.............>.......#
#......# ##)......##.
.......# #)..........
##.....# #.#......###
##.....# ##.##..l.....
...###.######..#@..#####.
...# #........##@###
...####.......##.#
.................#
...###.........###
...#...........#
...#.##...........$.#
##...##.......##.....?
....########### ......


You could see Jessica and a leopard gecko.

Vanquished Creatures
  An adder (D:2)
  An ooze (D:2)
  A dart slug (D:1)
  A leopard gecko (D:1)
  A bat (D:1)
  A giant cockroach (D:2)
  4 goblins (D:1)
  A hobgoblin (D:2)
  2 frilled lizards (D:1)
  5 kobolds
  3 rats
21 creatures vanquished.

Vanquished Creatures (collateral kills)
  A goblin (D:1)
1 creature vanquished.

Grand Total: 22 creatures vanquished

Notes
Turn   | Place    | Note
-------+----------+-------------------------------------------
     0 | D:1      | wumna the Mummy Necromancer began the quest for the Orb.
     0 | D:1      | Reached XP level 1. HP: 13/13 MP: 4/4
     2 | D:1      | Learned a level 1 spell: Animate Skeleton
   453 | D:1      | Reached XP level 2. HP: 16/19 MP: 1/5
  1171 | D:2      | Noticed Jessica
  1190 | D:2      | Reached XP level 3. HP: 9/24 MP: 0/7
  1220 | D:2      | Slain by Jessica

Illustrated notes

Levels and vault maps discovered:
D:1:      scummos_arrival_checkerplants, layout_loops_ring
D:2:      layout_rooms, chequers_ecumenical_altar_island,
          kennysheep_generic_room_9, uniq_jessica, uniq_crazy_yiuf_cottage

Skill      XL: |  1  2 |
---------------+-------+-----
Spellcasting   | 3 |  3.2
Dodging        | |  1.6
Stealth        | |  1.7
Necromancy     | |  4.8

Action                   || total
-------------------------++-------
Melee: Short sword       ||    13
 Cast: Pain              ||    39
       Animate Skeleton  ||     6
  Use: Scroll            ||     3
Armor: Robe              ||    10
Dodge: Dodged            ||    27
